 Dungeon Crawl Stone Soup version 0.19.1-1-g22dce08 (webtiles) character file.

465 esteth the Conjurer (level 6, -4/32 HPs)
             Began as a Deep Elf Fire Elementalist on Jan 3, 2017.
             Killed by divine providence
             ... invoked by an orc priest
              (12 damage)
             ... on level 5 of the Dungeon.
             The game lasted 00:12:21 (3667 turns).

esteth the Conjurer (Deep Elf Fire Elementalist)    Turns: 3667, Time: 00:12:22

Health: -4/32      AC:  3    Str:  5    XL:     6   Next: 80%
Magic:  15/21      EV: 13    Int: 22    God:
Gold:   198        SH:  0    Dex: 15    Spells: 3 memorised, 1 level left

rFire  . . .     SeeInvis .     u - +3 dagger (drain)
rCold  . . .     Gourm    .     a - +0 robe
rNeg   . . .     Faith    .     (no shield)
rPois  .         Spirit   .     (no helmet)
rElec  .         Reflect  .     f - +0 cloak
rCorr  .         Harm     .     (no gloves)
MR     .....                    (no boots)
Stlth  +++.......               i - amulet of inaccuracy (curse)
                                g - ring of stealth
                                o - ring of magical power

@: no status effects
A: no striking features
a: no special abilities


You were on level 5 of the Dungeon.
You were not hungry.

You visited 1 branch of the dungeon, and saw 5 of its levels.

You collected 198 gold pieces.

Inventory:

Hand Weapons
 u - a +3 dagger of draining (weapon)
Armour
 a - a +0 robe (worn)
 f - a +0 cloak (worn)
Jewellery
 g - a ring of stealth (right hand)
 i - a cursed amulet of inaccuracy (around neck)
 o - a ring of magical power (left hand)
Wands
 t - a wand of iceblast (11/15)
Scrolls
 e - a scroll of teleportation
 l - 2 scrolls of identify
 w - a scroll of fog
 y - a scroll of blinking
Potions
 d - 4 potions of heal wounds
 j - 4 potions of agility
 k - 5 potions of curing
 n - 2 potions of haste {unknown}
 p - 2 potions of lignification {unknown}
 q - a potion of resistance {unknown}
 s - a potion of brilliance {unknown}
 x - a potion of cure mutation {unknown}
 z - a potion of berserk rage {unknown}
 A - a potion of flight {unknown}
 B - a potion of invisibility {unknown}
Books
 b - a book of Flames

   Spells                             Type                      Level
   a - Flame Tongue                   Conjuration/Fire             1
   b - Throw Flame                    Conjuration/Fire             2
   c - Conjure Flame                  Conjuration/Fire             3
   d - Inner Flame                    Hexes/Fire                   3
   e - Sticky Flame                   Conjuration/Fire             4
   f - Fireball                       Conjuration/Fire             5
Comestibles
 c - 2 bread rations
 h - a meat ration
 m - 2 slices of pizza
 v - 3 fruits


   Skills:
 - Level 2.5 Dodging
 - Level 2.4 Stealth
 - Level 3.0 Spellcasting
 + Level 6.2 Conjurations
 + Level 5.7 Fire Magic


You had one spell level left.
You knew the following spells:

 Your Spells              Type           Power        Failure   Level  Hunger
a - Flame Tongue          Conj/Fire      ####.        1%          1    None
b - Sticky Flame          Conj/Fire      ####....     12%         4    ####...
c - Fireball              Conj/Fire      ####......   34%         5    ######.


Dungeon Overview and Level Annotations

Branches:
Dungeon (5/15)
 Temple: D:4-7

Altars:

Annotations:
D:2 Sigmund


Message History

The orc priest barely misses you.
Casting: Flame Tongue
Confirm with . or Enter, or press ? or * to list all spells.
Aiming: Flame Tongue
Press: ? - help, Shift-Dir - straight line, f/p - orc priest
Aim: an orc priest, wearing a scale mail (heavily wounded)
The flame tongue hits the orc priest.
You kill the orc priest!
The orc throws a tomahawk.
The tomahawk closely misses you. The orc wizard barely misses you.
Casting: Flame Tongue
Confirm with . or Enter, or press ? or * to list all spells.
Aiming: Flame Tongue
Press: ? - help, Shift-Dir - straight line, f - orc priest
Aim: an orc priest, wielding a flail The flame tongue hits the orc priest.
The orc priest appears unharmed.
The orc wizard barely misses you.
The orc priest calls down the wrath of Beogh upon you.
Beogh smites you!
You die...

#..###......<.... ...
................ ...
..#............ .(.
#...<........ #..
###..#...Y........
#.##.................
####....#$....!.........
...?....#.##...)........
#@# ##...........


#ooo# ##.###..!o.. ###.# #.. ...... ... ... ..... ###### .. You could see an orc
priest, an orc wizard and an orc.

Vanquished Creatures
  A howler monkey (D:4)
  3 hounds (D:4)
  2 orc priests (D:5)
  Terence (D:2)
  A worker ant (D:4)
  8 adders
  5 gnolls (D:3)
  An ooze (D:3)
  An adder skeleton (D:4)
  2 worms
  3 dart slugs (D:1)
  2 leopard geckos
  2 orcs (D:3)
  3 giant cockroaches
  5 goblins
  8 hobgoblins
  10 jackals
  A quokka (D:4)
  3 bats (D:3)
  3 frilled lizards
  8 kobolds
  A leopard gecko skeleton (D:4)
  44 rats
118 creatures vanquished.

Notes
Turn   | Place    | Note
-------+----------+-------------------------------------------
     0 | D:1      | esteth the Deep Elf Fire Elementalist began the quest for the Orb.
     0 | D:1      | Reached XP level 1. HP: 10/10 MP: 6/6
   107 | D:1      | Reached skill level 2 in Conjurations
   134 | D:1      | Reached XP level 2. HP: 15/15 MP: 4/8
   562 | D:1      | Reached skill level 3 in Conjurations
   583 | D:1      | Reached XP level 3. HP: 15/19 MP: 1/9
   807 | D:2      | Noticed Sigmund
   828 | D:2      | Noticed Terence
   934 | D:2      | Killed Terence
   934 | D:2      | Reached skill level 4 in Conjurations
   934 | D:2      | Reached XP level 4. HP: 17/24 MP: 4/10
   986 | D:2      | Learned a level 4 spell: Sticky Flame
  2084 | D:2      | Reached XP level 5. HP: 27/28 MP: 0/11
  2286 | D:3      | Reached skill level 5 in Fire Magic
  2559 | D:3      | Learned a level 5 spell: Fireball
  2960 | D:4      | Reached skill level 5 in Conjurations
  3013 | D:4      | Reached XP level 6. HP: 32/32 MP: 12/12
  3453 | D:4      | Reached skill level 6 in Conjurations
  3615 | D:5      | Entered Level 5 of the Dungeon
  3618 | D:5      | Noticed an ice beast
  3667 | D:5      | Killed from afar by an orc priest

Skill      XL: |  1  2  3  4  5  6 |
---------------+-------------------+-----
Conjurations   | 2 3 4 5 6 |  6.2
Fire Magic     | 4 5 |  5.7
Dodging        | |  2.5
Stealth        | |  2.4
Spellcasting   | |  3.0

Action                   |  1- 3 |  4- 6 || total
-------------------------+-------+-------++-------
Melee: Unarmed           |     1 |    38 ||    39
 Cast: Flame Tongue      |    58 |   169 ||   227
  Use: Scroll            |       |    12 ||    12
  Eat: Chunk             |       |     8 ||     8
Armor: Robe              |     2 |    22 ||    24
Dodge: Dodged            |    17 |    70 ||    87
